 Dungeon Crawl Stone Soup version 0.27-a0-1123-g2f9bb313c0 (webtiles) character file.

Game seed: 3404446718349394929

223 Orlauf the Slasher (level 5, -4/42 HPs)
             Began as a Demonspawn Gladiator on May 3, 2021.
             Slain by a water moccasin (8 damage)
             ... on level 4 of the Dungeon.
             The game lasted 00:03:43 (3345 turns).

Orlauf the Slasher (Demonspawn Gladiator)           Turns: 3345, Time: 00:03:44

Health: -4/42      AC: 14    Str: 16    XL:     5   Next: 66%
Magic:  5/5        EV: 10    Int: 15    God:
Gold:   77         SH:  0    Dex: 14    Spells: 4/4 levels left

rFire    . . .     SeeInvis .   a - +1 long sword
rCold    . . .     Faith    .   (no shield)
rNeg     . . .     Spirit   .   g - +0 scale mail
rPois    .         Reflect  .   c - +0 helmet
rElec    .         Harm     .   (no cloak)
rCorr    .         Rampage  .   e - +0 pair of gloves
Will     .....                  (no boots)
Stlth    ..........             (no amulet)
HPRegen  0.14/turn              b - +6 ring of intelligence
MPRegen  0.09/turn              (no ring)

@: sanguine armoured
A: demonic guardian 1, sanguine armour 1
a: no special abilities


You were on level 4 of the Dungeon.
You visited 1 branch of the dungeon, and saw 4 of its levels.

You collected 77 gold pieces.

Inventory:

Hand Weapons
 a - a +1 long sword (weapon)
 j - a +0 long sword
Missiles
 i - 29 poisoned darts (quivered)
Armour
 c - a +0 helmet (worn)
 e - a +0 pair of gloves (worn)
 g - a +0 scale mail (worn)
Jewellery
 b - a +6 ring of intelligence (left hand)
 h - a ring of poison resistance
Wands
 n - a wand of flame (20)
Scrolls
 l - a scroll of teleportation
Potions
 f - 2 potions of brilliance
 m - a potion of lignification


   Skills:
 + Level 3.7 Fighting
 * Level 5.0 Long Blades
 - Level 1.7 Throwing
 - Level 2.6 Dodging


You had 4 spell levels left.
You didn't know any spells.
Your spell library contained the following spells:

 Spells                   Type           Power      Damage    Failure   Level
 Beastly Appendage        Tmut           0%         N/A       71%         1
 Confusing Touch          Hex            0%         N/A       97%         3
 Gell's Gravitas          Tloc           0%         N/A       97%         3
 Petrify                  Tmut/Erth      0%         N/A       100%        4
 Metabolic Englaciation   Hex/Ice        0%         N/A       100%        5
 Yara's Violent Unravell  Hex/Tmut       0%         3d3       100%        5


Dungeon Overview and Level Annotations

Branches:
Dungeon (4/15)
 Temple: D:4-7

Altars:
Dithmenos
Hepliaklqana
Kikubaaqudgha
Qazlal
Sif Muna
Trog
Vehumet
Zin

Annotations:
D:4 3 runed translucent doors, Snicker's ghost, amateur DsBr


Innate Abilities, Weirdness & Mutations

A weak demonic guardian rushes to your aid.
When seriously injured, your bleeding wounds create armour. (AC +6)


Message History

You hit the water moccasin.
The water moccasin is heavily wounded.
You feel very sick.
The water moccasin struggles against the net. x2
You strike the helpless water moccasin from behind!
You hit the water moccasin.
The water moccasin is heavily wounded.
You feel sick.
A ball python comes into view.
The water moccasin struggles against the net.
The ball python hisses angrily.
You hit the water moccasin but do no damage.
The water moccasin is heavily wounded.
You feel sick.
The water moccasin struggles against the net.
The net rips apart, and the water moccasin comes free!
The water moccasin bites you but does no damage.
Okay, then.
Aiming: Throw Flame
Press: ? - help, Shift-Dir - straight line, f/p - water moccasin
Aim: a water moccasin (heavily wounded, 48% to hit)
The puff of flame misses the water moccasin.
You feel sick. The water moccasin closely misses you.
You closely miss the water moccasin.
The water moccasin is heavily wounded.
You feel sick. The water moccasin barely misses you.
The water moccasin misses you.
You barely miss the water moccasin.
The water moccasin is heavily wounded.
You feel sick. The water moccasin bites you.
* * * LOW HITPOINT WARNING * * *
A demonic guardian appears!
The water moccasin bites you.
* * * LOW HITPOINT WARNING * * *
You feel sick.
You are no longer poisoned.
Your iron imp closely misses the water moccasin.
The water moccasin bites you but does no damage.
Your iron imp misses the water moccasin.
The water moccasin bites you!
You die...

#...............#.....#.
........#...............
####..####..####........
## #.###...######.......
.###....................
............##.#........
...............S.......(
..#........###5S#)......
...........# #..@.......
..........##.....#......
†...†.....##.#.#........
..........##...##.#.....
#..#...[......## .#.$...
...#...#..#..#..........
...###.............. ..
...##................
.................#


You could see a water moccasin (ally target), a ball python and a friendly iron
imp (summoned).

Vanquished Creatures
  A scorpion (D:3)
  A hound (D:4)
  2 hound skeletons (D:4)
  A worm (D:2)
  2 dart slugs
  2 orcs
  6 ball pythons
  6 endoplasms
  A giant cockroach (D:2)
  7 goblins
  4 hobgoblins
  3 jackals (D:3)
  2 quokkas
  5 bats
  2 frilled lizards
  3 kobolds
  4 rats
52 creatures vanquished.

Vanquished Creatures (collateral kills)
  A bullfrog (D:4)
  A jackal (D:3)
  A kobold (D:2)
  A ball python (D:1)
4 creatures vanquished.

Grand Total: 56 creatures vanquished

Notes
Turn   | Place    | Note
-------+----------+-------------------------------------------
     0 | D:1      | Orlauf the Demonspawn Gladiator began the quest for the
                  | Orb.
     0 | D:1      | Reached XP level 1. HP: 16/16 MP: 1/1
    10 | D:1      | Noticed a bullfrog
   218 | D:1      | Reached skill level 3 in Long Blades
   263 | D:1      | Gained mutation: A weak demonic guardian rushes to your
                  | aid. [demonic ancestry]
   263 | D:1      | Reached XP level 2. HP: 22/22 MP: 2/2
   330 | D:1      | Found a faded altar of an unknown god.
  1478 | D:2      | Gained mutation: When seriously injured, your bleeding
                  | wounds create armour. (AC +6) [demonic ancestry]
  1478 | D:2      | Reached XP level 3. HP: 28/28 MP: 3/3
  2131 | D:3      | Found a hazy altar of Hepliaklqana.
  2198 | D:3      | Found a stormy altar of Qazlal.
  2200 | D:3      | Found a bloodstained altar of Trog.
  2202 | D:3      | Found a shadowy altar of Dithmenos.
  2423 | D:3      | Noticed a scorpion
  2434 | D:3      | Killed a scorpion
  2435 | D:3      | Reached skill level 4 in Long Blades
  2435 | D:3      | Reached XP level 4. HP: 26/35 MP: 4/4
  2684 | D:3      | Found an ancient bone altar of Kikubaaqudgha.
  2696 | D:3      | Found a shimmering blue altar of Sif Muna.
  2698 | D:3      | Found a radiant altar of Vehumet.
  2702 | D:3      | Identified Sif Muna's Guide on Transmigration
  3063 | D:4      | Noticed Snicker's ghost (amateur DsBr)
  3109 | D:4      | Noticed a bullfrog
  3116 | D:4      | Killed a bullfrog
  3117 | D:4      | Reached XP level 5. HP: 34/41 MP: 5/5
  3161 | D:4      | Found a runed translucent gate.
  3162 | D:4      | Found a runed translucent gate.
  3163 | D:4      | Found a runed translucent gate.
  3174 | D:4      | Reached skill level 5 in Long Blades
  3325 | D:4      | Noticed a water moccasin
  3345 | D:4      | Slain by a water moccasin

Illustrated notes

Levels and vault maps discovered:
D:1:      evilmike_arrival_come_back, layout_loops_ring,
          ebering_ecumenical_altar_ruins
D:2:      layout_loops_ring
D:3:      layout_basic, grunt_temple_overflow_magic_moments,
          overflow_temple_1_default, minitemple, ebering_dispersal_statue_hall
D:4:      layout_rooms, serial_shops, shop, gammafunk_ghost_split

Skill      XL: |  1  2  3  4  5 |
---------------+----------------+-----
Long Blades    | 3 4 5 |  5.0
Fighting       | 3 |  3.7
Throwing       | |  1.7
Dodging        | |  2.6

Action                   |  1- 3 |  4- 6 || total
-------------------------+-------+-------++-------
Melee: Long sword        |   102 |    61 ||   163
Throw: Throwing net      |     2 |     3 ||     5
Evoke: Wand              |       |     1 ||     1
  Use: Scroll            |     5 |     2 ||     7
       Potion            |     1 |       ||     1
 Stab: Held in net/web   |       |     2 ||     2
Armor: Leather armour    |    12 |       ||    12
       Scale mail        |    38 |    31 ||    69
Dodge: Dodged            |    62 |    39 ||   101
       Rpst.: Long sword |    20 |    12 ||    32

Table legend: (Time is in decaauts)
 A = Elapsed time spent in this place.
 B = Non-inter-level travel time spent in this place.
 C = Inter-level travel time spent in this place.
 D = Time resting spent in this place.
 E = Time spent auto-exploring this place.
 F = Levels seen in this place.
 G = Mean time per level.
                   A        B        C        D        E       F      G
               +--------+--------+--------+--------+--------+-----+--------+
         Total |   3376 |   3279 |     97 |    502 |   2308 |   4 |  844.0 |
       Dungeon |   3376 |   3279 |     97 |    502 |   2308 |   4 |  844.0 |
               +--------+--------+--------+--------+--------+-----+--------+

Top non-repeatable levels by time:
     D:3: 1113 daAuts
     D:1: 1013 daAuts
     D:2: 959 daAuts
     D:4: 290 daAuts
